 Dungeon Crawl Stone Soup version 0.31-a0-691-g409c26aa35 (webtiles) character file.

Game seed: 16586639206675631465

739 Dirtsage the Ruffian (level 7, 0/67 HPs)
             Began as a Troll Shapeshifter on Sept 6, 2023.
             Was an Initiate of Ru.
             Succumbed to a gnoll sergeant's poison
             ... on level 5 of the Dungeon.
             The game lasted 00:07:19 (3681 turns).

Dirtsage the Ruffian (Troll Shapeshifter)           Turns: 3681, Time: 00:07:20

Health: 0/67       AC:  5    Str: 23    XL:     7   Next: 46%
Magic:  6/6        EV:  9    Int:  6    God:    Ru [......]
Gold:   211        SH:  0    Dex: 11    Spells: 6/6 levels left

rFire   . .          .
                       - Unarmed
rCold   . . .        (no shield)
rNeg    . . .        b - +1 animal skin
rPois   .            (helmet currently unavailable)
rElec   .            (cloak currently unavailable)
rCorr   .            (gloves unavailable)
SInv    .            (boots unavailable)
Will    .....        (no amulet)
Stlth   +            (no ring)
HPRegen 1.11/turn    (no ring)
MPRegen 0.10/turn

%: no passive effects
@: lethally poisoned (0 -> -5), beast-form
A: beast (slay +2), large, unfitting armour, claws 3, regeneration 1, shaggy fur
1, tough skin 1
a: Begin Untransformation, Renounce Religion


You were on level 5 of the Dungeon.
You worshipped Ru.
Ru was noncommittal.
You were a hulking beast.
You visited 1 branch of the dungeon, and saw 5 of its levels.
You also visited: Sewer.

You collected 211 gold pieces.

Inventory:

Armour
 b - a +1 animal skin (worn)
Talismans
 c - a beast talisman (active)
 d - a flux talisman
Wands
 w - a wand of iceblast (12)
Scrolls
 h - 3 scrolls of immolation {unknown}
 k - a scroll of enchant weapon {unknown}
 m - 3 scrolls of teleportation {unknown}
 n - 3 scrolls of enchant armour {unknown}
 o - a scroll of poison {unknown}
 q - 6 scrolls of identify {unknown}
 u - a scroll of brand weapon {unknown}
Potions
 e - 2 potions of cancellation {unknown}
 f - a potion of brilliance {unknown}
 g - 4 potions of mutation {unknown}
 j - 2 potions of attraction {unknown}
 l - 2 potions of berserk rage {unknown}
 p - a potion of resistance {unknown}
 r - a potion of heal wounds {unknown}
 s - 2 potions of ambrosia {unknown}
 t - a potion of enlightenment {unknown}
 v - a potion of degeneration {unknown}


   Skills:
 + Level 3.3 Fighting
 - Level 1.5 Dodging
 * Level 6.6 Unarmed Combat
 + Level 4.8 Shapeshifting


You had 6 spell levels left.
You didn't know any spells.
Your spell library contained the following spells:

 Spells                   Type           Power      Damage    Failure   Level
 Magic Dart               Conj           0%         1d3       45%         1
 Call Imp                 Summ           0%         N/A       58%         2
 Lesser Beckoning         Tloc           0%         N/A       58%         2
 Frozen Ramparts          Ice            0%         1d1       83%         3
 Gell's Gravitas          Tloc           0%         N/A       83%         3
 Mephitic Cloud           Conj/Pois/Air  0%         N/A       83%         3
 Teleport Other           Tloc           0%         N/A       83%         3
 Petrify                  Tmut/Erth      0%         N/A       99%         4
 Metabolic Englaciation   Hex/Ice        0%         N/A       100%        5
 Summon Forest            Summ/Tloc      0%         N/A       100%        5
 Summon Mana Viper        Hex/Summ       0%         N/A       100%        5
 Summon Cactus Giant      Summ           0%         N/A       100%        6


Dungeon Overview and Level Annotations

Branches:
Dungeon (5/15)             Temple (0/1) D:5           Sewer (visited)

Altars:
Okawaru
Qazlal
Ru
Vehumet
Wu Jian

Shops:
D:1 :


Innate Abilities, Weirdness & Mutations

You are a hulking beast.
Your limbs bulge with bestial killing power. (Slay +2)
You are too large for most types of armour.
You have claws for hands.
Your natural rate of healing is unusually fast.
You are covered in fur. (AC +1)
You have tough skin. (AC +1)


Message History

The gnoll sergeant is lightly wounded.
You claw the gnoll sergeant!
The gnoll sergeant is heavily wounded.
The gnoll sergeant hits you with a +0 spear of venom.
You are poisoned.
The gnoll hits you from afar with a +0 halberd.
You take 5 damage, and have 54/67 hp.
You scratch the gnoll sergeant.
You claw the gnoll sergeant, but do no damage.
The gnoll sergeant is severely wounded.
You feel sick.
The gnoll sergeant hits you with a +0 spear of venom.
The gnoll hits you from afar with a +0 halberd!
You take 19 damage, and have 35/67 hp.
MASSIVE DAMAGE!!
You scratch the gnoll sergeant but do no damage.
The gnoll sergeant is severely wounded.
You feel sick. The gnoll sergeant closely misses you.
The gnoll closely misses you. The gnoll hits you with a +0 flail!
You take 8 damage, and have 27/67 hp.
You scratch the gnoll sergeant.
The gnoll sergeant is almost dead.
You feel sick.
The gnoll sergeant hits you with a +0 spear of venom.
You are more poisoned.
The gnoll hits you from afar with a +0 halberd.
The gnoll barely misses you.
You take 3 damage, and have 24/67 hp.
You closely miss the gnoll sergeant.
The gnoll sergeant is almost dead.
You feel very sick.
The gnoll sergeant hits you with a +0 spear of venom!
* * * LOW HITPOINT WARNING * * *
The gnoll hits you from afar with a +0 halberd.
* * * LOW HITPOINT WARNING * * *
The gnoll hits you with a +0 flail!
* * * LOW HITPOINT WARNING * * *
You take 22 damage, and have 2/67 hp.
MASSIVE DAMAGE!!
You scratch the gnoll sergeant but do no damage.
The gnoll sergeant is almost dead.
You die...

#...............#~P.P..#.
##...............#P..P.~#.
#...............###P....#.
##..............# #~.~P##.
##.##..........# #~..P#..
#.)#####..#.... ##.#
#####...## #...### #.##
#........###.g.# ####
..#...##..##h#.# #
...#.#..#.##g#.# #
#..#....#^##g#$# #
..##....#..##g#.# #
.....>.....##...# #
.#....##..[§...# #
#....#..#..§.≈.# #
#..#.#.......≈.)g..# #
.##...#......≈.....# ##


You could see a gnoll sergeant and 3 gnolls.

Vanquished Creatures
  Sigmund (D:4)
  Menkaure (D:4)
  A scorpion (D:4)
  A hound (D:4)
  A jelly (D:4)
  An orc priest (D:5)
  An iguana (D:5)
  Robin (D:4)
  10 adders
  A gnoll (D:5)
  3 river rats (Sewer)
  4 worms
  3 dart slugs
  6 orcs
  11 endoplasms
  2 giant cockroaches
  20 goblins
  12 hobgoblins
  6 jackals
  7 kobolds
  3 quokkas
  11 ball pythons
  10 bats
  11 frilled lizards
  20 rats
148 creatures vanquished.

Notes
Turn   | Place    | Note
-------+----------+-------------------------------------------
     0 | D:1      | Dirtsage the Troll Shapeshifter began the quest for the
                  | Orb.
     0 | D:1      | Reached XP level 1. HP: 18/18 MP: 0/0
    20 | D:1      | Found Samairet's Book Boutique.
    39 | D:1      | Reached skill level 1 in Fighting
    72 | D:1      | Reached XP level 2. HP: 27/27 MP: 1/1
   180 | D:1      | Reached XP level 3. HP: 33/33 MP: 2/2
   835 | D:2      | Reached skill level 4 in Unarmed Combat
   952 | D:2      | Identified the +10 hand axe "Spiderslayer" {freeze, Str+3}
   960 | D:2      | Reached XP level 4. HP: 41/41 MP: 3/3
  1413 | D:3      | Found a glowing drain.
  1422 | Sewer    | Entered a sewer
  1533 | Sewer    | Reached XP level 5. HP: 47/49 MP: 4/4
  2525 | D:4      | Reached skill level 5 in Unarmed Combat
  2527 | D:4      | Noticed Robin
  2568 | D:4      | Reached XP level 6. HP: 59/59 MP: 5/5
  2573 | D:4      | Noticed Menkaure
  2580 | D:4      | Killed Menkaure
  2685 | D:4      | Found a radiant altar of Vehumet.
  2709 | D:4      | Killed Robin
  2740 | D:4      | Found an ornate altar of the Wu Jian Council.
  3088 | D:4      | Noticed Sigmund
  3094 | D:4      | Killed Sigmund
  3095 | D:4      | Reached skill level 6 in Unarmed Combat
  3095 | D:4      | Reached XP level 7. HP: 66/67 MP: 6/6
  3377 | D:5      | Entered Level 5 of the Dungeon
  3435 | D:5      | Found a sacrificial altar of Ru.
  3438 | D:5      | Found an iron altar of Okawaru.
  3532 | D:5      | Became a worshipper of Ru the Awakened
  3644 | D:5      | Found a staircase to the Ecumenical Temple.
  3655 | D:5      | Found a stormy altar of Qazlal.
  3680 | D:5      | HP: 2/67 [gnoll/+0 flail[a gnoll sergeant] (9)]
  3681 | D:5      | Succumbed to a gnoll sergeant's poison

Illustrated notes

Levels and vault maps discovered:
D:1:      orjb1_lava_funnel, layout_rooms, serial_shops, shop, st_stairs_7,
          minmay_bisected
D:2:      layout_basic
D:3:      layout_loops_ring, portal_sewer_entry_d, minmay_hedge_maze
D:4:      layout_basic, grunt_temple_overflow_open, uniq_robin, uniq_menkaure,
          uniq_sigmund
D:5:      kennysheep_steamy, layout_cave_pods, mainiacjoe_overflow_boulevard,
          nicolae_overflow_squiral, minmay_temple_entry_mini_moons,
          chequers_serial_rivers_micro_d

Skill      XL: |  1  2  3  4  5  6 |
---------------+-------------------+-----
Fighting       | 1 2 3 |  3.3
Unarmed Combat | 4 5 6 |  6.6
Shapeshifting  | 4 |  4.8
Dodging        | |  1.5

Action                     |  1- 3 |  4- 6 |  7- 9 || total
---------------------------+-------+-------+-------++-------
  Melee: Unarmed           |    99 |   181 |    37 ||   317
         Punch             |     1 |     3 |     1 ||     5
  Evoke: Wand              |       |     2 |       ||     2
    Use: Potion            |       |     1 |       ||     1
   Stab: Sleeping          |       |     3 |       ||     3
 Armour: Animal skin       |    49 |    93 |    28 ||   170
         Skin              |       |    65 |       ||    65
  Dodge: Dodged            |    35 |    72 |    15 ||   122

Table legend: (Time is in decaauts)
 A = Elapsed time spent in this place.
 B = Non-inter-level travel time spent in this place.
 C = Inter-level travel time spent in this place.
 D = Time resting spent in this place.
 E = Time spent auto-exploring this place.
 F = Levels seen in this place.
 G = Mean time per level.
                   A        B        C        D        E       F      G
               +--------+--------+--------+--------+--------+-----+--------+
         Total |   3652 |   3530 |    122 |     17 |   2787 |   6 |  608.7 |
       Dungeon |   3297 |   3175 |    122 |     17 |   2553 |   5 |  659.4 |
         Sewer |    355 |    355 |      0 |      0 |    234 |   1 |  355.0 |
               +--------+--------+--------+--------+--------+-----+--------+

Top non-repeatable levels by time:
     D:2: 854 daAuts
     D:4: 831 daAuts
     D:3: 786 daAuts
     D:1: 523 daAuts
   Sewer: 355 daAuts
     D:5: 301 daAuts
